cohdb
Replays
Latest Replays
All Replays
Popular Replays
Top Player Replays
Match Explorer
How It Works
Community
CoH3 Stats
Reddit
Sign in to upload your games and track your stats! →
Sign in with Steam
Match 46749259
Unlisted
Match 46749259
Overview
Messages
Build Orders
End
Construct Infanterie Kompanie
MG 42 Machine Gun Team
MG 42 Machine Gun Team
Selects Terror Battlegroup
Selects Machine Gun Camouflage
Grenadier Squad
GrW 34 Mortar Team
Construct Panzergrenadier Kompanie
Panzergrenadier Squad
Pak 40 Anti-tank Gun Team
Panzergrenadier Squad
Support Elements
StuG III G Assault Gun
Selects No Quarter
Nebelwerfer 42 Rocket Launcher Team
Medical Station
Panzergrenadier Officer Quarters
251 Medium Carrier
StuG III G Assault Gun
Panzergrenadier Squad
Selects King Tiger Heavy Tank
King Tiger Heavy Tank
Pioneer Squad
Andilos
ZiTiRiZaNGo
HAK
crywo1f
Kameraad
Wellington
0
0
Comments
sign in to comment!
No comments posted yet!